 Dungeon Crawl Stone Soup version 0.30-a0-371-gad7725a93e (webtiles) character file.

Game seed: 8630465452096436394

9 ryw the Caller (level 2, 0/4 (20) HPs)
             Began as a Demonspawn Wanderer on Nov 20, 2022.
             Slain by a kobold
             ... wielding a +0 short sword of draining
              (1 damage)
             ... on level 1 of the Dungeon.
             The game lasted 00:02:34 (292 turns).

ryw the Caller (Demonspawn Wanderer)                 Turns: 292, Time: 00:02:35

HP:   0/4 (20)      AC:  6    Str: 10    XL:     2   Next: 3%
MP:   0/3           EV:  7    Int: 14    God:
Gold: 0             SH:  6    Dex: 13    Spells: 2/3 levels left

rFire   . . .      SeeInvis .    a - +0 dagger
rCold   . . .      Faith    .    d - +2 buckler
rNeg    . . .      Spirit   .    b - +0 scale mail
rPois   .          Reflect  .    (no helmet)
rElec   .          Harm     .    (no cloak)
rCorr   .          Rampage  .    (no gloves)
Will    .....                    (no boots)
Stlth   ..........               (no amulet)
HPRegen 0.20/turn                (no ring)
MPRegen 0.16/turn                (no ring)

@: very slightly contaminated, extremely drained
A: magic regeneration
a: no special abilities


You were on level 1 of the Dungeon.
You visited 1 branch of the dungeon, and saw 1 of its levels.

Inventory:

Hand Weapons
 a - a +0 dagger (weapon)
Armour
 b - a +0 scale mail (worn)
 d - a +2 buckler (worn)
Potions
 c - a potion of heal wounds


   Skills:
 + Level 0.6 Fighting
 - Level 1.0 Throwing
 - Level 1.0 Armour
 + Level 0.5 Dodging
 - Level 2.6 Shields
 + Level 1.2 Spellcasting
 + Level 3.1 Summonings
 - Level 1.0 Evocations


You had 2 spell levels left.
You knew the following spells:

 Your Spells              Type           Power      Damage    Failure   Level
a - Summon Small Mammal   Summ           36%        N/A       54%         1

Your spell library contained the following spells:

 Spells                   Type           Power      Damage    Failure   Level
 Call Canine Familiar     Summ           9%         N/A       89%         3
 Tukima's Dance           Hex            0%         N/A       100%        3
 Passage of Golubria      Tloc           0%         N/A       100%        4
 Yara's Violent Unravell  Hex/Tmut       0%         3d3       100%        5


Dungeon Overview and Level Annotations

Branches:
Dungeon (1/15)

Altars:

Shops:
D:1 :


Innate Abilities, Weirdness & Mutations

You regenerate magic rapidly.


Message History

Casting: Summon Small Mammal (safe; 54% risk of failure)
Confirm with . or Enter, or press ? or * to list all spells.
The kobold barely misses you.
Your bat hits the kobold but does no damage.
The kobold hits your bat with a +0 short sword of draining.
The kobold drains your bat.
Your bat dies!
Your bat's corpse disappears in a puff of smoke!
Casting: Summon Small Mammal (safe; 54% risk of failure)
Confirm with . or Enter, or press ? or * to list all spells.
You miscast Summon Small Mammal.
You are very lightly contaminated with residual magic.
Nothing appears to happen.
The kobold attacks as you move away! You block the kobold's attack.
Casting: Summon Small Mammal (safe; 54% risk of failure)
Confirm with . or Enter, or press ? or * to list all spells.
You miscast Summon Small Mammal.
Nothing appears to happen.
You block the kobold's attack.
Casting: Summon Small Mammal (safe; 54% risk of failure)
Confirm with . or Enter, or press ? or * to list all spells.
You miscast Summon Small Mammal.
Nothing appears to happen.
The kobold hits you but does no damage.
You feel drained.
Casting: Summon Small Mammal (safe; 54% risk of failure)
Confirm with . or Enter, or press ? or * to list all spells.
You don't have enough magic to cast this spell.
Casting: Summon Small Mammal (safe; 54% risk of failure)
Confirm with . or Enter, or press ? or * to list all spells.
You don't have enough magic to cast this spell.
Okay, then.
You hit the kobold but do no damage.
The kobold is severely wounded.
The kobold hits you with a +0 short sword of draining.
You feel drained.
You closely miss the kobold.
The kobold is severely wounded.
The kobold hits you with a +0 short sword of draining.
Ouch! That really hurt!
* * * LOW HITPOINT WARNING * * *
You feel drained.
You die...

....###...####.#
###.##†....###.##########
##.....>........(.......
#.........###.#########.
#.###....#......# #.#
#....#.##.#.# #.#
#......##.#.# #.#
##.).####.#.# #.# ##.##
#.#@# #.# #.#####.#K#
##.# #.......#.## .
...############...###...
##.......................
....###########...###...#
##..# ##$........ #..#
#.#####.# #.∩# #.#


You could see a kobold.

Vanquished Creatures
  A bat (D:1)
  2 endoplasms (D:1)
  A giant cockroach (D:1)
  A goblin (D:1)
  3 rats (D:1)
8 creatures vanquished.

Notes
Turn   | Place    | Note
-------+----------+-------------------------------------------
     0 | D:1      | ryw the Demonspawn Wanderer began the quest for the Orb.
     0 | D:1      | ryw set off with the following items: a +0 dagger, a +0
                  | scale mail, a potion of heal wounds, a +2 buckler; and the
                  | following spell memorised: Summon Small Mammal; and the
                  | following spells available to memorise: Call Canine
                  | Familiar.
     0 | D:1      | Reached XP level 1. HP: 13/13 MP: 2/2
    78 | D:1      | Noticed an eye of devastation
    79 | D:1      | Found a faded altar of an unknown god.
    82 | D:1      | Noticed a shining eye
    82 | D:1      | Noticed a great orb of eyes
    82 | D:1      | Noticed a shining eye
   153 | D:1      | Found Tanid's Book Boutique.
   241 | D:1      | Gained mutation: You regenerate magic rapidly. [demonic
                  | ancestry]
   241 | D:1      | Reached XP level 2. HP: 20/20 MP: 3/3
   292 | D:1      | Slain by a kobold

Illustrated notes

Levels and vault maps discovered:
D:1:      lightli_arrival_statue_moat, layout_loops_ring, serial_shops,
          nicolae_shop_stone, nicolae_shop_waterfront, shop,
          hellmonk_ecumenical_altar_watching_god, dk_noncrumbling_3

Action                   || total
-------------------------++-------
Melee: Dagger            ||    72
 Cast: Summon Small Mamm ||     2
Armor: Scale mail        ||    34
Dodge: Dodged            ||    21
Block: Buckler           ||    16

Table legend: (Time is in decaauts)
 A = Elapsed time spent in this place.
 B = Non-inter-level travel time spent in this place.
 C = Inter-level travel time spent in this place.
 D = Time resting spent in this place.
 E = Time spent auto-exploring this place.
 F = Levels seen in this place.
 G = Mean time per level.
                   A        B        C        D        E       F      G
               +--------+--------+--------+--------+--------+-----+--------+
         Total |    295 |    295 |      0 |      0 |    177 |   1 |  295.0 |
       Dungeon |    295 |    295 |      0 |      0 |    177 |   1 |  295.0 |
               +--------+--------+--------+--------+--------+-----+--------+

Top non-repeatable levels by time:
     D:1: 295 daAuts
